| TOP OF THE 1ST |
|
Montreal Expos batting - Pitching for Philadelphia Phillies : LHP Jon Matlack
|
|
Pitching: LHP Jon Matlack
|
|
|
Batting: LHB Duane Walker
|
0-0: Ball 1-0: Fly out, F8 (Flyball, 89M, EV 86.9 MPH)
|
|
Batting: SHB Garry Templeton
|
0-0: Bunt for hit to 15 - play at first, batter safe!
|
|
Batting: LHB Kirk Gibson
|
0-0: Ball 1-0: Called Strike 1-1: Ball 2-1: Fly out, F7 (Flyball, 7, EV 95.0 MPH)
|
|
Batting: RHB Dale Murphy
|
0-0: Ball 1-0: Ball 2-0: Called Strike 2-1: Ball 3-1: Base on Balls Garry Templeton to second
|
|
Batting: RHB Dave Winfield
|
0-0: Fielders Choice at 2nd, U4 (Groundball, 4M, EV 87.5 MPH)
|
| Top of the 1st over - 0 runs, 1 hit, 0 errors, 2 left on base; Montreal 0 - Philadelphia 0 |
| BOTTOM OF THE 1ST |
|
Philadelphia Phillies batting - Pitching for Montreal Expos : LHP Frank Tanana
|
|
Pitching: LHP Frank Tanana
|
|
|
Batting: LHB Terry Bogener
|
0-0: Foul Ball, location: 2F 0-1: Ball 1-1: Ball 2-1: Ball 3-1: Fly out, F8 (Flyball, 8RM, EV 98.8 MPH)
|
|
Batting: LHB Lou Whitaker
|
0-0: Ball 1-0: Ball 2-0: Foul Ball, location: 2F 2-1: Ground out 4-3 (Groundball, 34D, EV 96.9 MPH)
|
|
Batting: LHB Ken Phelps
|
0-0: Called Strike 0-1: Foul Ball, location: 2F 0-2: Ball 1-2: Ball 2-2: Ball 3-2: Ground out U3 (Groundball, 3, EV 92.5 MPH)
|
| Bottom of the 1st over - 0 runs, 0 hits, 0 errors, 0 left on base; Montreal 0 - Philadelphia 0 |
| TOP OF THE 2ND |
|
Montreal Expos batting - Pitching for Philadelphia Phillies : LHP Jon Matlack
|
|
Batting: SHB Alex Ortiz
|
0-0: Called Strike 0-1: Called Strike 0-2: Strikes out swinging
|
|
Batting: RHB Philip Klimas
|
0-0: Called Strike 0-1: Ball 1-1: SINGLE (Flyball, 34D, EV 91.3 MPH)
|
|
Batting: LHB Orlando Sanchez
|
0-0: SINGLE (Line Drive, 7S, EV 106.9 MPH) Philip Klimas to second
|
|
Batting: LHB Frank Tanana
|
0-0: Bunt missed! 0-1: Sac Bunt to P - play at first, batter OUT! 1-4 Philip Klimas to third Orlando Sanchez to second
|
|
Batting: LHB Duane Walker
|
0-0: Ball 1-0: Ball 2-0: Called Strike 2-1: Foul Ball, location: 2F 2-2: Foul Ball, location: 2F 2-2: Ground out 5-3 (Groundball, 56, EV 95.0 MPH)
|
| Top of the 2nd over - 0 runs, 2 hits, 0 errors, 2 left on base; Montreal 0 - Philadelphia 0 |
| BOTTOM OF THE 2ND |
|
Philadelphia Phillies batting - Pitching for Montreal Expos : LHP Frank Tanana
|
|
Batting: RHB Dan Thomas
|
0-0: Ball 1-0: Ball 2-0: Ball 3-0: Base on Balls
|
|
Batting: RHB Tony Pena
|
0-0: Ball 1-0: Called Strike 1-1: Ball 2-1: Foul Ball, location: 2F 2-2: Strikes out swinging
|
|
Batting: RHB Tim Wallach
|
0-0: DOUBLE (Line Drive, 5D, EV 95.6 MPH) Dan Thomas to third Runner from 3rd tries for Home, SAFE, throw by LF to home
|
|
Batting: LHB Andy Guerrero
|
0-0: Ball 1-0: Ball 2-0: Called Strike 2-1: Foul Ball, location: 2F 2-2: Strikes out swinging
|
|
Batting: LHB Terry Lee
|
0-0: Foul Ball, location: 2F 0-1: Foul Ball, location: 2F 0-2: Ball 1-2: Ball 2-2: Strikes out swinging
|
| Bottom of the 2nd over - 1 run, 1 hit, 0 errors, 1 left on base; Montreal 0 - Philadelphia 1 |
| TOP OF THE 3RD |
|
Montreal Expos batting - Pitching for Philadelphia Phillies : LHP Jon Matlack
|
|
Batting: SHB Garry Templeton
|
0-0: Ball 1-0: Bunted foul 1-1: Foul Ball, location: 2F 1-2: Ball 2-2: Ball 3-2: Ground out 1-3 (Groundball, 13, EV 68.8 MPH)
|
|
Batting: LHB Kirk Gibson
|
0-0: Called Strike 0-1: Ball 1-1: SINGLE (Groundball, 6S, EV 76.3 MPH) (infield hit)
|
|
Batting: RHB Dale Murphy
|
0-0: Called Strike Kirk Gibson is caught stealing 2nd base 2-4 0-1: Ball 1-1: Ball 2-1: Called Strike 2-2: Strikes out swinging
|
| Top of the 3rd over - 0 runs, 1 hit, 0 errors, 0 left on base; Montreal 0 - Philadelphia 1 |
| BOTTOM OF THE 3RD |
|
Philadelphia Phillies batting - Pitching for Montreal Expos : LHP Frank Tanana
|
|
Batting: LHB Jon Matlack
|
0-0: Ball 1-0: Called Strike 1-1: Foul Ball, location: 2F 1-2: Ball 2-2: Strikes out swinging
|
|
Batting: LHB Terry Bogener
|
0-0: Foul Ball, location: 2F 0-1: Swinging Strike 0-2: Ground out 4-3 (Groundball, 34D, EV 85.0 MPH)
|
|
Batting: LHB Lou Whitaker
|
0-0: Called Strike 0-1: Ball 1-1: Ground out U3 (Groundball, 3, EV 102.5 MPH)
|
| Bottom of the 3rd over - 0 runs, 0 hits, 0 errors, 0 left on base; Montreal 0 - Philadelphia 1 |
| TOP OF THE 4TH |
|
Montreal Expos batting - Pitching for Philadelphia Phillies : LHP Jon Matlack
|
|
Batting: RHB Dave Winfield
|
0-0: Ball 1-0: SINGLE (Groundball, 56D, EV 106.9 MPH)
|
|
Batting: SHB Alex Ortiz
|
0-0: Ball 1-0: Called Strike 1-1: Ball 2-1: Ball 3-1: Base on Balls Dave Winfield to second
|
|
Batting: RHB Philip Klimas
|
0-0: Called Strike 0-1: Ball 1-1: Foul Ball, location: 2F 1-2: Ball 2-2: Strikes out swinging
|
|
Batting: LHB Orlando Sanchez
|
0-0: Called Strike 0-1: Called Strike 0-2: Ball 1-2: Ball 2-2: Foul Ball, location: 2F 2-2: Ball 3-2: SINGLE (Groundball, 6MD, EV 111.9 MPH) Dave Winfield to third Alex Ortiz to second Runner from 3rd tries for Home, throw by CF and OUT! 8-2
|
|
Batting: LHB Frank Tanana
|
0-0: Called Strike 0-1: Ball 1-1: Ball 2-1: Ball 3-1: Foul Ball, location: 2F 3-2: Strikes out swinging
|
| Top of the 4th over - 0 runs, 2 hits, 0 errors, 2 left on base; Montreal 0 - Philadelphia 1 |
| BOTTOM OF THE 4TH |
|
Philadelphia Phillies batting - Pitching for Montreal Expos : LHP Frank Tanana
|
|
Batting: LHB Ken Phelps
|
0-0: Called Strike 0-1: Foul Ball, location: 2F 0-2: Foul Ball, location: 2F 0-2: Strikes out looking
|
|
Batting: RHB Dan Thomas
|
0-0: Ball 1-0: Foul Ball, location: 2F 1-1: Foul Ball, location: 2F 1-2: Ground out 6-3 (Groundball, 56, EV 106.3 MPH)
|
|
Batting: RHB Tony Pena
|
0-0: Ball 1-0: Foul Ball, location: 2F 1-1: Ground out 4-3 (Groundball, 34, EV 103.1 MPH)
|
| Bottom of the 4th over - 0 runs, 0 hits, 0 errors, 0 left on base; Montreal 0 - Philadelphia 1 |
| TOP OF THE 5TH |
|
Montreal Expos batting - Pitching for Philadelphia Phillies : LHP Jon Matlack
|
|
Batting: LHB Duane Walker
|
0-0: Swinging Strike 0-1: Foul Ball, location: 2F 0-2: Foul Ball, location: 2F 0-2: Strikes out looking
|
|
Batting: SHB Garry Templeton
|
0-0: Fly out, F7 (Flyball, 7D, EV 91.9 MPH)
|
|
Batting: LHB Kirk Gibson
|
0-0: Ball 1-0: Ball 2-0: Ball 3-0: Base on Balls
|
|
Batting: RHB Dale Murphy
|
0-0: Called Strike 0-1: Called Strike 0-2: Ball Kirk Gibson steals 2nd base (no throw) 1-2: Ground out 4-3 (Groundball, 4D, EV 103.8 MPH)
|
| Top of the 5th over - 0 runs, 0 hits, 0 errors, 1 left on base; Montreal 0 - Philadelphia 1 |
| BOTTOM OF THE 5TH |
|
Philadelphia Phillies batting - Pitching for Montreal Expos : LHP Frank Tanana
|
|
Batting: RHB Tim Wallach
|
0-0: Ball 1-0: Called Strike 1-1: Swinging Strike 1-2: DOUBLE (Line Drive, 78D, EV 106.3 MPH)
|
|
Batting: LHB Andy Guerrero
|
0-0: Ball 1-0: Foul Ball, location: 2F 1-1: Fly out, F7 (Flyball, 78M, EV 86.3 MPH)
|
|
Batting: LHB Terry Lee
|
0-0: Fly out, F4 (Popup, 4S, EV 82.5 MPH)
|
|
Batting: LHB Jon Matlack
|
0-0: Ball 1-0: Called Strike 1-1: Called Strike 1-2: Ball 2-2: Strikes out swinging
|
| Bottom of the 5th over - 0 runs, 1 hit, 0 errors, 1 left on base; Montreal 0 - Philadelphia 1 |
| TOP OF THE 6TH |
|
Montreal Expos batting - Pitching for Philadelphia Phillies : LHP Jon Matlack
|
|
Batting: RHB Dave Winfield
|
0-0: Swinging Strike 0-1: Foul Ball, location: 2F 0-2: Ball 1-2: Ball 2-2: Foul Ball, location: 2F 2-2: Ground out 3-1 (Groundball, 34S, EV 86.9 MPH)
|
|
Batting: SHB Alex Ortiz
|
0-0: Swinging Strike 0-1: Ball 1-1: Fly out, F5 (Flyball, 5D, EV 79.4 MPH)
|
|
Batting: RHB Philip Klimas
|
0-0: Swinging Strike 0-1: Ball 1-1: Ball 2-1: Ground out 5-3 (Groundball, 56S, EV 80.6 MPH)
|
| Top of the 6th over - 0 runs, 0 hits, 0 errors, 0 left on base; Montreal 0 - Philadelphia 1 |
| BOTTOM OF THE 6TH |
|
Philadelphia Phillies batting - Pitching for Montreal Expos : LHP Frank Tanana
|
|
Batting: LHB Terry Bogener
|
0-0: Ball 1-0: Foul Ball, location: 2F 1-1: Ball 2-1: Foul Ball, location: 2F 2-2: Foul Ball, location: 2F 2-2: Strikes out looking
|
|
Batting: LHB Lou Whitaker
|
0-0: Ground out 4-3 (Groundball, 4S, EV 79.4 MPH)
|
|
Batting: LHB Ken Phelps
|
0-0: Ball 1-0: Ball 2-0: Ball 3-0: Called Strike 3-1: Called Strike 3-2: SINGLE (Line Drive, 9S, EV 96.3 MPH)
|
|
Batting: RHB Dan Thomas
|
0-0: Called Strike 0-1: Foul Ball, location: 2F 0-2: Ball 1-2: Fielders Choice at 2nd, 6-4 (Groundball, 6, EV 81.9 MPH)
|
| Bottom of the 6th over - 0 runs, 1 hit, 0 errors, 1 left on base; Montreal 0 - Philadelphia 1 |
| TOP OF THE 7TH |
|
Montreal Expos batting - Pitching for Philadelphia Phillies : LHP Jon Matlack
|
|
Batting: LHB Orlando Sanchez
|
0-0: Fly out, F8 (Flyball, 89S, EV 96.3 MPH)
|
|
Batting: LHB Frank Tanana
|
0-0: Ball 1-0: Foul Ball, location: 2F 1-1: Foul Ball, location: 2F 1-2: Ground out 4-3 (Groundball, 4S, EV 82.5 MPH)
|
|
Batting: LHB Duane Walker
|
0-0: Swinging Strike 0-1: Ball 1-1: Ground out U3 (Groundball, 34, EV 88.8 MPH)
|
| Top of the 7th over - 0 runs, 0 hits, 0 errors, 0 left on base; Montreal 0 - Philadelphia 1 |
| BOTTOM OF THE 7TH |
|
Philadelphia Phillies batting - Pitching for Montreal Expos : LHP Frank Tanana
|
|
Batting: RHB Tony Pena
|
0-0: Called Strike 0-1: Ball 1-1: Ball 2-1: Ball 3-1: SINGLE (Groundball, 6D, EV 101.3 MPH)
|
|
Batting: RHB Tim Wallach
|
0-0: Ball 1-0: Foul Ball, location: 2F 1-1: Called Strike 1-2: Ball 2-2: Strikes out looking
|
|
Batting: LHB Andy Guerrero
|
0-0: Swinging Strike 0-1: Swinging Strike 0-2: Ball 1-2: Strikes out looking
|
|
Batting: LHB Terry Lee
|
0-0: Foul Ball, location: 2F 0-1: Ball 1-1: Ball 2-1: 2-RUN HOME RUN (Flyball, 89XD, EV 109.4 MPH), Distance : 411 ft
|
|
Batting: LHB Jon Matlack
|
0-0: Ball 1-0: Ball 2-0: Foul Ball, location: 2F 2-1: Swinging Strike 2-2: Strikes out looking
|
| Bottom of the 7th over - 2 runs, 2 hits, 0 errors, 0 left on base; Montreal 0 - Philadelphia 3 |
| TOP OF THE 8TH |
|
Montreal Expos batting - Pitching for Philadelphia Phillies : LHP Jon Matlack
|
|
Batting: SHB Garry Templeton
|
0-0: Ball 1-0: Called Strike 1-1: DOUBLE (Line Drive, 78D, EV 105.6 MPH)
|
|
Batting: LHB Kirk Gibson
|
0-0: Called Strike 0-1: Ball 1-1: Foul Ball, location: 2F 1-2: Strikes out swinging
|
|
Batting: RHB Dale Murphy
|
0-0: Fly out, F9 (Line Drive, 9, EV 100.6 MPH)
|
|
Batting: RHB Dave Winfield
|
0-0: Ball 1-0: Ball 2-0: Foul Ball, location: 2F 2-1: Ball 3-1: Fly out, F8 (Flyball, 8RD, EV 100.6 MPH)
|
| Top of the 8th over - 0 runs, 1 hit, 0 errors, 1 left on base; Montreal 0 - Philadelphia 3 |
| BOTTOM OF THE 8TH |
|
Philadelphia Phillies batting - Pitching for Montreal Expos : LHP Frank Tanana
|
|
Batting: LHB Terry Bogener
|
0-0: Ball 1-0: Foul Ball, location: 2F 1-1: Ball 2-1: Foul Ball, location: 2F 2-2: Ball 3-2: Foul Ball, location: 2F 3-2: Foul Ball, location: 2F 3-2: Foul Ball, location: 2F 3-2: Foul Ball, location: 2F 3-2: Ground out 4-3 (Groundball, 4S, EV 83.8 MPH)
|
|
Batting: LHB Lou Whitaker
|
0-0: Called Strike 0-1: Ground out U3 (Groundball, 3, EV 76.9 MPH)
|
|
Batting: LHB Ken Phelps
|
0-0: Swinging Strike 0-1: Ball 1-1: Ball 2-1: Ground out 4-3 (Groundball, 4, EV 80.6 MPH)
|
| Bottom of the 8th over - 0 runs, 0 hits, 0 errors, 0 left on base; Montreal 0 - Philadelphia 3 |
| TOP OF THE 9TH |
|
Montreal Expos batting - Pitching for Philadelphia Phillies : LHP Jon Matlack
|
|
Batting: SHB Alex Ortiz
|
0-0: Ball 1-0: SINGLE (Groundball, 6MD, EV 110.0 MPH)
|
|
Batting: RHB Philip Klimas
|
0-0: Ball 1-0: Foul Ball, location: 2F 1-1: DOUBLE (Line Drive, 9LM, EV 110.0 MPH) Alex Ortiz to third
|
|
Pinch Hitting: RHB Luis Sanchez
|
0-0: Called Strike 0-1: Ball 1-1: Ball 2-1: SINGLE (Line Drive, 8LS, EV 106.9 MPH) Alex Ortiz scores Philip Klimas to third
|
|
Pinch Hitting: SHB Biff Pocoroba
|
|
|
Pitching: RHP Tom Hume
|
0-0: Fielders Choice at 2nd, 4-6 (Groundball, 4, EV 90.0 MPH) Philip Klimas scores
|
|
Batting: LHB Duane Walker
|
0-0: Called Strike 0-1: Ball 1-1: Ball 2-1: Ball 3-1: Called Strike 3-2: Foul Ball, location: 2F 3-2: Strikes out looking
|
|
Batting: SHB Garry Templeton
|
0-0: Ball 1-0: Ball 2-0: Ball 3-0: Swinging Strike 3-1: SINGLE (Line Drive, 9LM, EV 106.9 MPH) Biff Pocoroba to second Runner from 2nd tries for 3rd, SAFE, no throw by RF
|
|
Batting: LHB Kirk Gibson
|
0-0: Ball 1-0: Fly out, F7 (Line Drive, 7, EV 90.0 MPH)
|
| Top of the 9th over - 2 runs, 4 hits, 0 errors, 2 left on base; Montreal 2 - Philadelphia 3 |
|